 Dungeon Crawl Stone Soup version 0.16.2-12-gd0ad4c3 (webtiles) character file.

204 faibistes the Magician (level 5, 0/28 HPs)
             Began as a Deep Elf Wizard on Apr 2, 2019.
             Slain by a gnoll
             ... wielding a +0 spear
              (2 damage)
             ... on level 4 of the Dungeon.
             The game lasted 00:06:17 (2861 turns).

faibistes the Magician (Deep Elf Wizard)            Turns: 2861, Time: 00:06:17

Health: 0/28       AC:  2    Str:  4    XL:     5   Next: 52%
Magic:  17/21      EV: 13    Int: 24    God:
Gold:   63         SH:  0    Dex: 13    Spells: 6 memorised, 4 levels left

rFire  . . .     SeeInvis .     g - +0 dagger
rCold  . . .     Clarity  .     u - +0 robe {MR+}
rNeg   . . .     SustAb   .     (no shield)
rPois  .         Gourm    .     b - +0 hat
rElec  .         Spirit   .     (no cloak)
rCorr  .         Warding  .     (no gloves)
rMut   .         Stasis   .     (no boots)
MR     +....                    (no amulet)
Stlth  ++........               (no ring)
                                (no ring)

@: very slightly contaminated, repel missiles, somewhat resistant to hostile
enchantments, unstealthy
A: no striking features
a: no special abilities


You were on level 4 of the Dungeon.
You were not hungry.

You visited 1 branch of the dungeon, and saw 4 of its levels.

You collected 63 gold pieces.

Inventory:

Hand weapons
 f - a +0 club
 g - a +0 dagger (weapon)
Armour
 a - a +0 robe
 b - a +0 hat (worn)
 u - a +0 robe of magic resistance (worn)
 y - a +0 cloak
Scrolls
 e - 3 scrolls of teleportation
 h - a scroll of remove curse {unknown}
 i - a scroll of enchant weapon {unknown}
 j - 2 scrolls of recharging {unknown}
 k - a scroll of enchant armour {unknown}
 l - 2 scrolls of identify {unknown}
 n - 2 scrolls of fog
 p - a scroll of amnesia {unknown}
 r - a scroll of immolation {unknown}
Potions
 m - a potion of haste {unknown}
 o - 2 potions of heal wounds {unknown}
 t - a potion of cancellation {unknown}
 w - 2 potions of curing {unknown}
Books
 c - a book of Minor Magic

   Spells                             Type                      Level
   a - Magic Dart                     Conjuration                  1
   b - Blink                          Translocation                2
   c - Call Imp                       Summoning                    2
   d - Repel Missiles                 Charms/Air                   2
   e - Slow                           Hexes                        2
   f - Conjure Flame                  Conjuration/Fire             3
   g - Mephitic Cloud                 Conjuration/Poison/Air       3
Comestibles
 d - 2 bread rations
 q - a meat ration
 s - 4 fruits
 v - a chunk of flesh
 x - a slice of pizza


   Skills:
 + Level 3.5 Dodging
 - Level 2.4 Stealth
 * Level 6.5 Spellcasting
 - Level 3.6 Conjurations
 - Level 1.1 Summonings
 * Level 1.3 Translocations


You had 4 spell levels left.
You knew the following spells:

 Your Spells              Type           Power        Failure   Level  Hunger
a - Magic Dart            Conj           ####         1%          1    None
b - Conjure Flame         Conj/Fire      ###.....     14%         3    None
c - Call Imp              Summ           ##......     10%         2    None
d - Blink                 Tloc           N/A          10%         2    None
e - Mephitic Cloud        Conj/Pois/Air  ##......     17%         3    None
f - Repel Missiles        Chrm/Air       #.....       12%         2    None


Dungeon Overview and Level Annotations

Branches:
Dungeon (4/15)
 Temple: D:4-7

Altars:


Message History

Confirm with . or Enter, or press ? or * to list all spells.
You miscast Call Imp.
You are very lightly contaminated with residual magic.
The world appears momentarily distorted.
A hobgoblin and an orc wizard come into view.
Casting: Call Imp
Confirm with . or Enter, or press ? or * to list all spells.
A beastly little devil appears in a puff of frigid air.
The hobgoblin shouts!
The gnoll hits you with a whip!
The gnoll hits you from afar with a spear!
The orc wizard casts a spell.
The orc wizard seems to speed up.
An orc comes into view. It is wielding a flail.
The gnoll hits you with a whip.
* * * LOW HITPOINT WARNING * * *
The gnoll hits you with a spear.
* * * LOW HITPOINT WARNING * * *
The gnoll hits you from afar with a spear.
You die...

#.# #.# ..# ###
....#.#######.#...
#.....<..?#.#.##
.........##.#....#.#
####...g..g#.#....#
....$....#g..#
###.####.#g@## #.
..#..# # ####$5#
...# .#.## ..#o# ..
+.. ... #.. # .g.


You could see 3 gnolls, an orc, a hobgoblin and a friendly white imp.

Vanquished Creatures
  Sigmund (D:2)
  4 gnolls (D:2)
  3 adders (D:2)
  A giant mite (D:2)
  A worm (D:2)
  2 giant geckos
  4 bats
  3 giant cockroaches (D:2)
  4 goblins
  5 hobgoblins
  2 jackals (D:1)
  2 ball pythons
  3 giant newts
  3 kobolds
  A quokka (D:2)
  2 rats
41 creatures vanquished.

Vanquished Creatures (collateral kills)
  An adder (D:2)
  A gnoll (D:1)
  A goblin (D:2)
  A rat (D:1)
4 creatures vanquished.

Grand Total: 45 creatures vanquished

Notes
Turn   | Place    | Note
--------------------------------------------------------------
     0 | D:1      | faibistes, the Deep Elf Wizard, began the quest for the Orb.
     0 | D:1      | Reached XP level 1. HP: 10/10 MP: 6/6
   435 | D:1      | Reached XP level 2. HP: 12/15 MP: 7/10
   609 | D:1      | Learned a level 2 spell: Blink
   612 | D:1      | Learned a level 2 spell: Call Imp
  1006 | D:1      | Reached skill level 5 in Spellcasting
  1361 | D:1      | Reached XP level 3. HP: 19/19 MP: 5/14
  1366 | D:1      | Learned a level 3 spell: Conjure Flame
  1370 | D:1      | Learned a level 3 spell: Mephitic Cloud
  1667 | D:2      | Noticed Sigmund
  1676 | D:2      | Killed Sigmund
  1676 | D:2      | Reached skill level 6 in Spellcasting
  1676 | D:2      | Reached XP level 4. HP: 16/24 MP: 3/18
  1776 | D:2      | Learned a level 2 spell: Repel Missiles
  2173 | D:2      | Reached XP level 5. HP: 28/28 MP: 14/20
  2861 | D:4      | Slain by a gnoll

Action                   |  1- 3 |  4- 6 || total
-------------------------+-------+-------++-------
Melee: Dagger            |     1 |     4 ||     5
 Cast: Magic Dart        |    46 |    64 ||   110
       Call Imp          |     4 |     1 ||     5
       Conjure Flame     |     2 |     4 ||     6
       Mephitic Cloud    |     1 |     3 ||     4
       Repel Missiles    |       |     1 ||     1
  Use: Scroll            |     1 |     1 ||     2
 Stab: Sleeping          |       |     1 ||     1
  Eat: Chunk             |     2 |     4 ||     6
